 Dungeon Crawl Stone Soup version 0.31.0-2-g5a2aebc5c2 (webtiles) character file.

Game seed: 13452681942928155151

159 Ofeo the Apothecary (level 5, -5/52 HPs)
             Began as a Demonspawn Alchemist on Jan 21, 2024.
             Slain by an iguana (7 damage)
             ... on level 4 of the Dungeon.
             The game lasted 00:07:18 (3386 turns).

Ofeo the Apothecary (Demonspawn Alchemist)          Turns: 3386, Time: 00:07:18

Health: -5/52      AC: 22    Str:  9    XL:     5   Next: 17%
Magic:  3/9        EV:  2    Int: 17    God:
Gold:   172        SH:  0    Dex: 13    Spells: 3/9 levels left

rFire   . . .        o - +7 staff of the Meek {protect, meekguard}
rCold   . . .        (shield currently unavailable)
rNeg    . . .        e - melded +2 robe of Words of Power {MP+9 Str+3 Dex-3}
rPois   +            l - melded +0 helmet
rElec   .            (cloak currently unavailable)
rCorr   .            (gloves currently unavailable)
SInv    .            (boots currently unavailable)
Will    .....        (no amulet)
Stlth   ++           (no ring)
HPRegen 0.28/turn    (no ring)
MPRegen 0.11/turn

%: no passive effects
@: tree-form
A: stationary, stasis, torment immunity, boosted hp, (hooves 1), ignite blood 1,
powered by death 1
a: no special abilities


You were on level 4 of the Dungeon.
You were a tree.
You visited 1 branch of the dungeon, and saw 4 of its levels.

You collected 172 gold pieces.

Inventory:

Hand Weapons
 b - a +0 sling
 o - the +7 staff of the Meek (weapon) {protect, meekguard}
   (You found it on level 3 of the Dungeon)
Missiles
 f - 5 darts of dispersal
 h - 5 datura-tipped darts
Armour
 e - the +2 robe of Words of Power (melded) {MP+9 Str+3 Dex-3}
   (You found it on level 2 of the Dungeon)

   Str+3:     It affects your strength (+3).
   Dex-3:     It affects your dexterity (-3).
   MP+9:      It affects your magic capacity (+9).
 k - a +0 robe
 l - a +0 helmet (melded)
Magical Staves
 a - a staff of air
Scrolls
 i - a scroll of identify {@r1}
 j - a scroll of amnesia {unknown}
Potions
 c - a potion of mutation
 g - a potion of magic
 m - 2 potions of brilliance {unknown}
 n - a potion of enlightenment {unknown}


   Skills:
 + Level 2.6 Dodging
 + Level 2.8 Stealth
 + Level 2.8 Spellcasting
 + Level 2.2 Conjurations
 + Level 3.7 Alchemy


You had 3 spell levels left.
You knew the following spells:

 Your Spells              Type           Power      Damage    Failure   Level
a - Sting                 Conj/Alch      48%        1d6       5%          1
b - Mercury Vapours       Alch/Air       16%        N/A       12%         2
c - Mephitic Cloud        Conj/Alch/Air  9%         N/A       24%         3

Your spell library contained the following spells:

 Spells                   Type           Power      Damage    Failure   Level
 Jinxbite                 Hex            4%         N/A       26%         2
 Olgreb's Toxic Radiance  Alch           15%        N/A       36%         4
 Sticky Flame             Fire/Alch      8%         2d4       63%         4
 Yara's Violent Unravell  Hex/Alch       4%         3d4       92%         5
 Enfeeble                 Hex            1%         N/A       100%        7


Dungeon Overview and Level Annotations

Branches:
Dungeon (4/15)
 Temple: D:4-7

Altars:
Dithmenos


Innate Abilities, Weirdness & Mutations

You are a tree.
Your roots penetrate the ground, keeping you stationary.
You cannot be teleported.
You are immune to unholy pain and torment.
Your maximum health is greatly increased.
Your equipment is partially melded.
((You have large cloven feet.))
Your demonic aura sometimes causes spilled blood to erupt in flames.
You regenerate a little health from kills.


Message History

The iguana hisses angrily.
You hear a shout! x2
The iguana bites you.
A goblin comes into view. It is wielding a +0 club.
The orc attacks as it pursues you! The orc hits you with a +0 whip.
You hit the iguana.
Your weapon exudes an aura of protection.
The iguana is heavily wounded.
The iguana looks more healthy.
The iguana barely misses you. The orc hits you but does no damage.
You hit the iguana but do no damage. Your kick misses the iguana.
The iguana is heavily wounded.
The iguana hisses menacingly.
The iguana attacks as it pursues you! The iguana barely misses you.
There is a stone staircase leading up here.
You sock the iguana! You kick the iguana, but do no damage.
The iguana is almost dead.
The iguana bites you!
The iguana hisses menacingly.
You closely miss the iguana.
The iguana is almost dead.
The iguana closely misses you. The iguana bites you.
The iguana bites you but does no damage.
You barely miss the iguana. Your kick misses the iguana.
The iguana is almost dead.
The iguana bites you!
* * * LOW HITPOINT WARNING * * *
The iguana bites you but does no damage.
You closely miss the iguana.
The iguana is almost dead.
The iguana closely misses you.
The iguana bites you but does no damage.
The iguana bites you!
* * * LOW HITPOINT WARNING * * *
It was a potion of lignification.
You turn into a tree.
Your +0 helmet melds into your body.
The +2 robe of Words of Power {MP+9 Str+3 Dex-3} melds into your body.
You feel your magic capacity decrease.
Your roots penetrate the ground.
The iguana bites you but does no damage.
The iguana bites you!
You die...

##### #...
##.# ###l♣#
#ool##
##o### #..#
#).## ....).
#...)?..
......>...
..#.####.#..


You could see 2 iguanas and 3 orcs.

Vanquished Creatures
  An orc priest (D:3)
  Robin (D:3)
  4 adders
  A dart slug (D:2)
  6 orcs
  2 ball pythons (D:2)
  7 bats
  9 endoplasms
  A giant cockroach (D:2)
  13 goblins
  9 hobgoblins
  3 jackals (D:1)
  2 quokkas (D:2)
  2 frilled lizards
  3 kobolds
  6 rats
70 creatures vanquished.

Notes
Turn   | Place    | Note
-------+----------+-------------------------------------------
     0 | D:1      | Ofeo the Demonspawn Alchemist began the quest for the Orb.
     0 | D:1      | Reached XP level 1. HP: 13/13 MP: 3/3
   327 | D:1      | Gained mutation: You have large cloven feet. [demonic
                  | ancestry]
   327 | D:1      | Reached XP level 2. HP: 19/19 MP: 1/5
   729 | D:1      | Found a faded altar of an unknown god.
   924 | D:2      | Gained mutation: You regenerate a little health from kills.
                  | [demonic ancestry]
   924 | D:2      | Reached XP level 3. HP: 17/24 MP: 6/6
  1152 | D:2      | HP: 1/24 [adder (4)]
  1486 | D:2      | Learned a level 2 spell: Mercury Vapours
  1490 | D:2      | Learned a level 3 spell: Mephitic Cloud
  1718 | D:2      | Identified the +2 robe of Words of Power {MP+9 Str+3 Dex-3}
  2102 | D:3      | Noticed Robin
  2107 | D:3      | Reached XP level 4. HP: 27/30 MP: 7/7
  2386 | D:3      | Killed Robin
  3094 | D:3      | Gained mutation: Your demonic aura sometimes causes spilled
                  | blood to erupt in flames. [demonic ancestry]
  3094 | D:3      | Reached XP level 5. HP: 29/35 MP: 8/9
  3180 | D:3      | Found the +7 staff of the Meek {protect, meekguard}
  3218 | D:3      | Found a shadowy altar of Dithmenos.
  3385 | D:4      | HP: 1/35 [iguana (9)]
  3386 | D:4      | Slain by an iguana

Illustrated notes

Levels and vault maps discovered:
D:1:      nicolae_arrival_washed_ashore, layout_rooms,
          ebering_ecumenical_altar_abandoned, hangedman_decor_riveting
D:2:      layout_rooms, hangedman_decor_slide_cut
D:3:      layout_rooms, grunt_dithmenos_smoke_and_mirrors,
          minmay_misc_feat_square, pf_guarded_unrand_meek, uniq_robin
D:4:      layout_rooms, fedhas_altar_1

Skill      XL: |  1  2  3  4 |
---------------+-------------+-----
Stealth        | 2 |  2.8
Dodging        | 2 |  2.6
Conjurations   | 2 |  2.2
Spellcasting   | |  2.8
Alchemy        | |  3.7

Action                     |  1- 3 |  4- 6 || total
---------------------------+-------+-------++-------
  Melee: Unarmed           |    46 |       ||    46
         Kick              |     8 |     1 ||     9
         Sling             |       |     2 ||     2
         Quarterstaff      |       |     6 ||     6
   Fire: Sling             |    74 |    40 ||   114
   Cast: Sting             |    39 |    46 ||    85
         Mercury Vapours   |       |     3 ||     3
         Mephitic Cloud    |       |     2 ||     2
    Use: Scroll            |     6 |       ||     6
         Potion            |     1 |     1 ||     2
 Armour: Robe              |    81 |    31 ||   112
         Skin              |       |     2 ||     2
  Dodge: Dodged            |    87 |    24 ||   111
